TOP OF THE 1ST |
Trois-Riveres Aigles batting - Pitching for Detroit Red Wings : RHP Edwin Soto
|
Pitching: RHP Edwin Soto
|
|
Batting: RHB Luis Jara
|
0-0: Ball 1-0: Foul Ball, location: 2F 1-1: Foul Ball, location: 2F 1-2: Strikes out looking
|
Batting: RHB Tony Bonilla
|
0-0: Called Strike 0-1: Fly out, F7 (Flyball, 7, EV 80.0 MPH)
|
Batting: RHB Sandoval Serzedelo
|
0-0: Called Strike 0-1: Ball 1-1: Fly out, F8 (Flyball, 78D, EV 85.0 MPH)
|
Top of the 1st over - 0 runs, 0 hits, 0 errors, 0 left on base; Trois-Riveres 0 - Detroit 0 |
BOTTOM OF THE 1ST |
Detroit Red Wings batting - Pitching for Trois-Riveres Aigles : RHP Mo Vaughan
|
Pitching: RHP Mo Vaughan
|
|
Batting: RHB António Scarlett
|
0-0: Called Strike 0-1: Ball 1-1: Foul Ball, location: 2F 1-2: Foul Ball, location: 2F 1-2: Strikes out swinging
|
Batting: LHB Iestyn Peacock
|
0-0: Called Strike 0-1: Ball 1-1: Ball 2-1: Swinging Strike 2-2: Foul Ball, location: 2F 2-2: Foul Ball, location: 2F 2-2: Foul Ball, location: 2F 2-2: Ball 3-2: Ground out 6-3 (Groundball, 4M, EV 101.2 MPH)
|
Batting: LHB Ryan Adams
|
0-0: Foul Ball, location: 2F 0-1: Foul Ball, location: 2F 0-2: Ball 1-2: Ball 2-2: Foul Ball, location: 2F 2-2: Ball 3-2: Foul Ball, location: 2F 3-2: Base on Balls
|
Batting: RHB Dustin Bursell
|
0-0: Ball 1-0: Called Strike 1-1: Ball 2-1: Ball 3-1: Foul Ball, location: 2F 3-2: DOUBLE (Line Drive, 7LS, EV 103.1 MPH) Ryan Adams to third Ryan Adams scores
|
Batting: RHB Alex Duarte
|
0-0: Foul Ball, location: 2F 0-1: SINGLE (Line Drive, 4MD, EV 98.8 MPH) Dustin Bursell to third Runner from 3rd tries for Home, SAFE, throw by CF to home Alex Duarte to second
|
Batting: LHB Jose Peralez
|
0-0: Ball 1-0: Ball 2-0: Called Strike 2-1: Fly out, F9 (Flyball, 89M, EV 93.8 MPH)
|
Bottom of the 1st over - 2 runs, 2 hits, 0 errors, 1 left on base; Trois-Riveres 0 - Detroit 2 |
TOP OF THE 2ND |
Trois-Riveres Aigles batting - Pitching for Detroit Red Wings : RHP Edwin Soto
|
Batting: SHB Derek Weaver
|
0-0: Called Strike 0-1: Called Strike 0-2: Strikes out looking
|
Batting: RHB Micah Logan
|
0-0: Hit by Pitch
|
Batting: RHB Alistair Holmes
|
0-0: Ball Micah Logan is caught stealing 2nd base 2-4 1-0: Foul Ball, location: 2F 1-1: Swinging Strike 1-2: Fly out, F2 (Popup, 23F, EV 78.8 MPH)
|
Top of the 2nd over - 0 runs, 0 hits, 0 errors, 0 left on base; Trois-Riveres 0 - Detroit 2 |
BOTTOM OF THE 2ND |
Detroit Red Wings batting - Pitching for Trois-Riveres Aigles : RHP Mo Vaughan
|
Batting: LHB Simon Barry
|
0-0: SINGLE (Groundball, 4D, EV 98.1 MPH)
|
Batting: RHB Peter Jones
|
0-0: Foul Ball, location: 2F 0-1: Ball 1-1: Foul Ball, location: 2F 1-2: Ball 2-2: Fly out, F5 (Popup, 5SF, EV 73.1 MPH)
|
Batting: RHB Cody Kafer
|
0-0: Grounds into double play, 5-4-3 (Groundball, 56, EV 96.2 MPH)
|
Bottom of the 2nd over - 0 runs, 1 hit, 0 errors, 0 left on base; Trois-Riveres 0 - Detroit 2 |
TOP OF THE 3RD |
Trois-Riveres Aigles batting - Pitching for Detroit Red Wings : RHP Edwin Soto
|
Batting: RHB Willie Acevedo
|
0-0: Called Strike 0-1: Fly out, F5 (Popup, 56S, EV 91.2 MPH)
|
Batting: RHB George Connell
|
0-0: Ball 1-0: Fly out, F3 (Popup, 3F, EV 62.5 MPH)
|
Batting: RHB Chris Davis
|
0-0: Called Strike 0-1: Called Strike 0-2: Ball 1-2: Ball 2-2: Ground out 6-3 (Groundball, 6M, EV 95.6 MPH)
|
Top of the 3rd over - 0 runs, 0 hits, 0 errors, 0 left on base; Trois-Riveres 0 - Detroit 2 |
BOTTOM OF THE 3RD |
Detroit Red Wings batting - Pitching for Trois-Riveres Aigles : RHP Mo Vaughan
|
Batting: RHB António Scarlett
|
0-0: Called Strike 0-1: Foul Ball, location: 2F 0-2: Strikes out swinging
|
Batting: LHB Iestyn Peacock
|
0-0: Called Strike 0-1: Ball 1-1: Swinging Strike 1-2: Foul Ball, location: 2F 1-2: Ball 2-2: Foul Ball, location: 2F 2-2: Foul Ball, location: 2F 2-2: Strikes out swinging
|
Batting: LHB Ryan Adams
|
0-0: Ball 1-0: Foul Ball, location: 2F 1-1: Ground out 3-1 (Groundball, 34, EV 101.9 MPH)
|
Bottom of the 3rd over - 0 runs, 0 hits, 0 errors, 0 left on base; Trois-Riveres 0 - Detroit 2 |
TOP OF THE 4TH |
Trois-Riveres Aigles batting - Pitching for Detroit Red Wings : RHP Edwin Soto
|
Batting: RHB Luis Jara
|
0-0: Ball 1-0: Ball 2-0: Ball 3-0: Called Strike 3-1: Ground out 1-3 (Groundball, 13S, EV 72.5 MPH)
|
Batting: RHB Tony Bonilla
|
0-0: Called Strike 0-1: Swinging Strike 0-2: Foul Ball, location: 2F 0-2: Foul Ball, location: 2F 0-2: Strikes out swinging
|
Batting: RHB Sandoval Serzedelo
|
0-0: Ground out 6-3 (Groundball, 6, EV 105.6 MPH)
|
Top of the 4th over - 0 runs, 0 hits, 0 errors, 0 left on base; Trois-Riveres 0 - Detroit 2 |
BOTTOM OF THE 4TH |
Detroit Red Wings batting - Pitching for Trois-Riveres Aigles : RHP Mo Vaughan
|
Batting: RHB Dustin Bursell
|
0-0: Called Strike 0-1: Fly out, F7 (Flyball, 7LS, EV 86.2 MPH)
|
Batting: RHB Alex Duarte
|
0-0: Ball 1-0: Ball 2-0: Called Strike 2-1: Ball 3-1: Foul Ball, location: 2F 3-2: Base on Balls
|
Batting: LHB Jose Peralez
|
0-0: Called Strike 0-1: Ball 1-1: Foul Ball, location: 2F 1-2: Ball 2-2: Ball 3-2: Ground out 6-3 (Groundball, 6, EV 85.6 MPH) Alex Duarte to second
|
Batting: LHB Simon Barry
|
0-0: Ball Balk! Alex Duarte to third 1-0: Foul Ball, location: 2F 1-1: Swinging Strike 1-2: Ball 2-2: Ball 3-2: Ground out U3 (Groundball, 13, EV 84.4 MPH)
|
Bottom of the 4th over - 0 runs, 0 hits, 0 errors, 1 left on base; Trois-Riveres 0 - Detroit 2 |
TOP OF THE 5TH |
Trois-Riveres Aigles batting - Pitching for Detroit Red Wings : RHP Edwin Soto
|
Batting: SHB Derek Weaver
|
0-0: Swinging Strike 0-1: Swinging Strike 0-2: Strikes out swinging
|
Batting: RHB Micah Logan
|
0-0: Ball 1-0: Fly out, F9 (Line Drive, 9S, EV 103.8 MPH)
|
Batting: RHB Alistair Holmes
|
0-0: Fly out, F8 (Flyball, 8RM, EV 96.9 MPH)
|
Top of the 5th over - 0 runs, 0 hits, 0 errors, 0 left on base; Trois-Riveres 0 - Detroit 2 |
BOTTOM OF THE 5TH |
Detroit Red Wings batting - Pitching for Trois-Riveres Aigles : RHP Mo Vaughan
|
Batting: RHB Peter Jones
|
0-0: Called Strike 0-1: Called Strike 0-2: Foul Ball, location: 2F 0-2: Ball 1-2: Strikes out looking
|
Batting: RHB Cody Kafer
|
0-0: Ball 1-0: Reached on error, E4 (Groundball, 4S, EV 88.1 MPH)
|
Batting: RHB António Scarlett
|
0-0: Ball 1-0: Foul Ball, location: 2F 1-1: Ball 2-1: Foul Ball, location: 2F 2-2: Foul Ball, location: 2F 2-2: SINGLE (Groundball, 6MD, EV 106.2 MPH) Cody Kafer to third Runner from 3rd tries for Home, SAFE, throw by CF to home
|
Batting: LHB Iestyn Peacock
|
0-0: Swinging Strike 0-1: Foul Ball, location: 2F 0-2: Ball 1-2: Strikes out swinging
|
Batting: LHB Ryan Adams
|
0-0: Ball 1-0: Foul Ball, location: 2F 1-1: Ball 2-1: Ground out 6-3 (Groundball, 6MD, EV 98.8 MPH)
|
Bottom of the 5th over - 1 run, 1 hit, 1 error, 1 left on base; Trois-Riveres 0 - Detroit 3 |
TOP OF THE 6TH |
Trois-Riveres Aigles batting - Pitching for Detroit Red Wings : RHP Edwin Soto
|
Batting: RHB Willie Acevedo
|
0-0: Ball 1-0: Called Strike 1-1: Ball 2-1: Swinging Strike 2-2: Strikes out swinging
|
Batting: RHB George Connell
|
0-0: Ball 1-0: Ground out 4-3 (Groundball, 4, EV 100.6 MPH)
|
Batting: RHB Chris Davis
|
0-0: Foul Ball, location: 2F 0-1: Ball 1-1: Fly out, F8 (Line Drive, 8RD, EV 98.1 MPH)
|
Top of the 6th over - 0 runs, 0 hits, 0 errors, 0 left on base; Trois-Riveres 0 - Detroit 3 |
BOTTOM OF THE 6TH |
Detroit Red Wings batting - Pitching for Trois-Riveres Aigles : RHP Mo Vaughan
|
Batting: RHB Dustin Bursell
|
0-0: Called Strike 0-1: Called Strike 0-2: Ball 1-2: Foul Ball, location: 2F 1-2: Ball 2-2: Ball 3-2: Foul Ball, location: 2F 3-2: Strikes out swinging
|
Batting: RHB Alex Duarte
|
0-0: Ball 1-0: Ball 2-0: Ball 3-0: Called Strike 3-1: Base on Balls
|
Pitching: RHP Joe Elder
|
|
Batting: LHB Jose Peralez
|
0-0: Ball 1-0: Ball 2-0: Fly out, F7 (Flyball, 78M, EV 81.9 MPH)
|
Batting: LHB Simon Barry
|
0-0: Called Strike 0-1: Called Strike 0-2: Ball 1-2: DOUBLE (Line Drive, 7LS, EV 104.4 MPH) Alex Duarte to third Runner from 3rd tries for Home, throw by LF and OUT! 7-6-2
|
Bottom of the 6th over - 0 runs, 1 hit, 0 errors, 1 left on base; Trois-Riveres 0 - Detroit 3 |
TOP OF THE 7TH |
Trois-Riveres Aigles batting - Pitching for Detroit Red Wings : RHP Edwin Soto
|
Batting: RHB Luis Jara
|
0-0: Ball 1-0: Ball 2-0: SINGLE (Groundball, 56S, EV 96.2 MPH)
|
Batting: RHB Tony Bonilla
|
0-0: Swinging Strike 0-1: Ball 1-1: Ball 2-1: Ball 3-1: Foul Ball, location: 2F 3-2: Strikes out looking
|
Batting: RHB Sandoval Serzedelo
|
0-0: Swinging Strike 0-1: Ball 1-1: Called Strike 1-2: Strikes out swinging
|
Batting: SHB Derek Weaver
|
0-0: Foul Ball, location: 2F 0-1: Foul Ball, location: 2F Pickoff Play to 1st, Runner tries for 2nd, OUT after rundown.
|
Top of the 7th over - 0 runs, 1 hit, 0 errors, 0 left on base; Trois-Riveres 0 - Detroit 3 |
BOTTOM OF THE 7TH |
Detroit Red Wings batting - Pitching for Trois-Riveres Aigles : RHP Joe Elder
|
Batting: RHB Peter Jones
|
0-0: Called Strike 0-1: Called Strike 0-2: Strikes out swinging
|
Batting: RHB Cody Kafer
|
0-0: Ball 1-0: Fly out, F7 (Flyball, 7, EV 88.1 MPH)
|
Batting: RHB António Scarlett
|
0-0: Called Strike 0-1: Ball 1-1: Ball 2-1: Foul Ball, location: 2F 2-2: Foul Ball, location: 2F 2-2: Fly out, F9 (Line Drive, 9, EV 93.1 MPH)
|
Bottom of the 7th over - 0 runs, 0 hits, 0 errors, 0 left on base; Trois-Riveres 0 - Detroit 3 |
TOP OF THE 8TH |
Trois-Riveres Aigles batting - Pitching for Detroit Red Wings : RHP Edwin Soto
|
Batting: SHB Derek Weaver
|
0-0: SINGLE (Groundball, 6MS, EV 71.2 MPH) (infield hit)
|
Batting: RHB Micah Logan
|
0-0: Called Strike 0-1: Grounds into double play, 1-6-3 (Groundball, 34S, EV 70.0 MPH)
|
Batting: RHB Alistair Holmes
|
0-0: Ball 1-0: SINGLE (Line Drive, 8RS, EV 85.6 MPH)
|
Batting: RHB Willie Acevedo
|
0-0: Ball 1-0: Ball 2-0: Ball 3-0: Called Strike 3-1: Base on Balls Alistair Holmes to second
|
Pinch Hitting: LHB Ian Cranton
|
0-0: Called Strike 0-1: Foul Ball, location: 2F 0-2: Strikes out swinging
|
Top of the 8th over - 0 runs, 2 hits, 0 errors, 2 left on base; Trois-Riveres 0 - Detroit 3 |
BOTTOM OF THE 8TH |
Detroit Red Wings batting - Pitching for Trois-Riveres Aigles : RHP Joe Elder
|
Now at 2B: Jeff Standridge
|
|
Batting: LHB Iestyn Peacock
|
0-0: Swinging Strike 0-1: Ball 1-1: Ball 2-1: Foul Ball, location: 2F 2-2: Ground out 4-3 (Groundball, 4, EV 88.1 MPH)
|
Batting: LHB Ryan Adams
|
0-0: Called Strike 0-1: Ball 1-1: Ball 2-1: Ball 3-1: Base on Balls
|
Batting: RHB Dustin Bursell
|
0-0: Called Strike 0-1: Grounds into double play, 1-6-3 (Groundball, 13S, EV 73.8 MPH)
|
Bottom of the 8th over - 0 runs, 0 hits, 0 errors, 0 left on base; Trois-Riveres 0 - Detroit 3 |
TOP OF THE 9TH |
Trois-Riveres Aigles batting - Pitching for Detroit Red Wings : RHP Edwin Soto
|
Pinch Hitting: LHB Jonathan Watt
|
0-0: Ball 1-0: SINGLE (Groundball, 5D, EV 95.6 MPH)
|
Pinch Hitting: RHB Toshikatsu Omori
|
0-0: Ball 1-0: Grounds into double play, 5-4-3 (Groundball, 56S, EV 86.9 MPH)
|
Pinch Hitting: RHB Gabe Wilcoxon
|
0-0: Called Strike 0-1: Called Strike 0-2: Ball 1-2: Foul Ball, location: 2F 1-2: Fly out, F8 (Line Drive, 8RM, EV 93.8 MPH)
|
Top of the 9th over - 0 runs, 1 hit, 0 errors, 0 left on base; Trois-Riveres 0 - Detroit 3 |
|